Map: Defender's Landing LE

Players

liquidthermy (uThermal)

  • Race: Terran Terran
  • League: Master
  • Spawn Location: 1:00

PtitDrogo - Winner!

  • Race: Protoss Protoss
  • League: Master
  • Spawn Location: 7:00

Event: HomeStory Cup XV

VOD

Have the link to the VOD?

Description

Time

  • Played on: July 22, 2017, 2:31 p.m.
  • Length: 10:11

All games in this series

Show
View Real Time Build Order
Export as new Build Order

liquidthermy Terran 

Build Orders: Reaper Expand, MMM Bio 

Get SALT Encoding   

  12  0:02  SCV  
  14  0:14  SCV  
  14  0:21  Supply Depot  
  14  0:26  SCV  
  15  0:28  Refinery  
  16  0:42  SCV  
  16  0:45  Barracks  
  16  0:54  SCV  
  17  1:07  SCV  
  18  1:19  SCV  
  19  1:35  Orbital Command, Reaper  
  20  1:44  Command Center  
  20  1:56  Factory  
  20  2:00  SCV  
  21  2:07  Barracks Reactor  
  21  2:12  SCV  
  22  2:17  Supply Depot  
  22  2:20  Refinery  
  22  2:24  SCV  
  23  2:39  SCV  
  23  2:43  Marine x2  
  26  2:48  Starport  
  27  2:51  SCV  
  27  2:52  Widow Mine  
  29  3:00  Orbital Command  
  29  3:03  Marine  
  29  3:04  Marine  
  31  3:06  SCV  
  32  3:18  SCV  
  33  3:25  Widow Mine, Viking  
  33  3:26  Marine  
  37  3:31  SCV x2  
  39  3:35  Marine  
  39  3:39  Supply Depot  
  40  3:43  SCV x2  
  40  3:44  Marine  
  43  3:58  Barracks  
  43  3:59  Barracks  
  43  4:00  Marine, SCV  
  45  4:02  Factory Tech Lab  
  45  4:03  Starport Tech Lab  
  45  4:05  Marine  
  45  4:07  SCV  
  47  4:12  SCV  
  47  4:16  Engineering Bay  
  48  4:19  SCV  
  48  4:20  Marine, Supply Depot  
  50  4:25  SCV  
  50  4:28  Marine  
  50  4:30  Starport Reactor  
  52  4:31  SCV  
  52  4:37  SCV  
  54  4:42  Marine, Supply Depot  
  54  4:43  Terran Infantry Weapons Level 1  
  54  4:44  SCV  
  55  4:46  Marine  
  55  4:53  SCV  
  55  4:54  Stimpack, Marine  
  55  4:57  Combat Shields  
  55  4:58  Factory Reactor  
  55  4:59  Marine  
  57  5:00  Marine  
  57  5:01  SCV  
  57  5:05  SCV  
  57  5:07  Marine  
  61  5:09  Medivac, Supply Depot  
  61  5:13  Medivac  
  66  5:14  SCV  
  66  5:17  SCV  
  66  5:19  Supply Depot  
  66  5:20  Marine  
  69  5:22  Marine  
  70  5:31  Marine x2  
  70  5:32  SCV  
  70  5:33  Refinery, Supply Depot  
  70  5:34  SCV  
  74  5:36  Widow Mine  
  74  5:38  Widow Mine  
  74  5:41  Marine  
  79  5:44  Marine  
  79  5:47  SCV  
  79  5:48  Refinery  
  81  5:50  Missile Turret  
  81  5:55  Missile Turret  
  81  5:59  Marine, Medivac x2, Supply Depot  
  81  6:02  Marine x2  
  88  6:06  Widow Mine  
  88  6:08  Widow Mine  
  92  6:14  Supply Depot  
  92  6:19  Marine x2, Concussive Shells  
  92  6:21  Marauder x2  
  92  6:25  Supply Depot  
  98  6:35  Liberator, Widow Mine  
  98  6:36  Widow Mine  
  98  6:37  Marine, Barracks  
  98  6:38  Marine  
  104  6:40  Liberator  
  104  6:43  Barracks  
  104  6:45  SCV x2  
  106  6:49  Marine x2  
  111  6:57  SCV  
  101  7:14  Marine  
  101  7:15  Marauder  
  98  7:17  Marauder, Marine  
  98  7:20  Liberator  
  93  7:23  Liberator  
  92  7:30  Barracks Tech Lab  
  92  7:32  Marine  
  92  7:36  Marauder  
  94  7:37  Marine  
  94  7:39  Marauder  
  94  7:41  Marine  
  95  7:50  Marine  
  95  7:51  Widow Mine x2  
  96  7:52  Marine  
  96  7:55  Marine  
  96  7:57  Marauder  
  104  7:59  Marine  
  104  8:00  Marauder  
  104  8:03  Liberator  
  107  8:06  Liberator  
  107  8:08  Marine  
  107  8:10  Marauder  
  106  8:13  Marine  
  106  8:17  Marine  
  106  8:19  Marauder, Widow Mine  
  107  8:22  Marauder  
  116  8:27  Marine  
  116  8:31  Marine  
  116  8:32  Supply Depot  
  118  8:47  Supply Depot  
  118  8:51  Liberator  
  118  8:52  Liberator  
  118  8:53  Marauder x2, Marine x3  
  125  9:00  Supply Depot  
  125  9:05  Supply Depot  
  125  9:08  Widow Mine  
  133  9:17  Marine, Supply Depot  
  133  9:23  Marine  
  133  9:24  Marauder  
  134  9:27  Marine  
  134  9:28  Marauder  
  137  9:35  Widow Mine  
  137  9:37  Widow Mine  
  141  9:39  Marine  
  141  9:41  Supply Depot  
  141  9:42  Marine  
Show
View Real Time Build Order
Export as new Build Order

PtitDrogo Protoss - Winner!

Build Orders: 1 Gate Expand, Oracle Opening 

Get SALT Encoding   

  12  0:00  Probe (Chrono Boost)  
  13  0:11  Probe (Chrono Boost)  
  14  0:18  Pylon  
  14  0:22  Probe (Chrono Boost)  
  15  0:36  Probe (Chrono Boost), Gateway  
  15  0:41  Assimilator  
  16  0:46  Probe (Chrono Boost)  
  17  0:57  Probe (Chrono Boost)  
  18  1:08  Probe (Chrono Boost)  
  19  1:21  Nexus  
  19  1:30  Cybernetics Core  
  20  1:32  Probe (Chrono Boost)  
  20  1:38  Assimilator  
  20  1:43  Probe (Chrono Boost)  
  21  1:48  Pylon  
  21  1:54  Probe (Chrono Boost)  
  22  2:04  Probe (Chrono Boost)  
  22  2:07  Warp Gate, Adept (Chrono Boost)  
  25  2:15  Probe  
  26  2:28  Probe  
  27  2:30  Stargate  
  27  2:35  Adept (Chrono Boost)  
  27  2:36  Probe  
  29  2:40  Probe  
  31  2:46  Probe  
  32  3:02  Probe x2  
  32  3:05  Adept (Chrono Boost)  
  36  3:10  Pylon  
  36  3:13  Probe, Oracle (Chrono Boost)  
  36  3:14  Probe  
  40  3:23  Probe  
  40  3:26  Probe  
  42  3:33  Gateway x2  
  42  3:34  Probe  
  42  3:38  Probe  
  44  3:44  Probe  
  44  3:45  Oracle (Chrono Boost)  
  48  3:50  Probe  
  48  3:55  Probe  
  49  4:02  Probe  
  51  4:04  Nexus  
  51  4:07  Pylon  
  51  4:10  Probe  
  51  4:14  Probe (Chrono Boost)  
  53  4:20  Assimilator  
  53  4:22  Probe (Chrono Boost), Assimilator  
  54  4:26  Probe (Chrono Boost)  
  55  4:31  Forge, Twilight Council  
  55  4:33  Probe (Chrono Boost)  
  55  4:37  Probe (Chrono Boost)  
  57  4:39  Pylon  
  57  4:43  Probe (Chrono Boost)  
  58  4:47  Probe (Chrono Boost)  
  57  4:54  Probe (Chrono Boost)  
  57  4:58  Probe (Chrono Boost), Stalker  
  57  4:59  Sentry x2  
  65  5:00  Protoss Ground Weapons Level 1  
  65  5:04  Probe (Chrono Boost)  
  66  5:08  Probe (Chrono Boost)  
  66  5:11  Blink (Chrono Boost)  
  67  5:15  Probe x2  
  67  5:19  Probe  
  70  5:26  Probe  
  70  5:27  Probe  
  72  5:31  Probe  
  72  5:32  Gateway x2  
  72  5:33  Sentry  
  72  5:35  Sentry, Gateway  
  77  5:39  Probe, Gateway  
  77  5:42  Probe  
  78  5:44  Mothership Core, Gateway  
  81  5:51  Pylon, Probe  
  81  5:52  Robotics Facility  
  81  5:54  Probe  
  83  6:01  Photon Cannon  
  83  6:03  Probe  
  84  6:04  Pylon  
  84  6:05  Probe  
  85  6:13  Stalker x2  
  85  6:14  Pylon  
  85  6:16  Stalker  
  91  6:21  Probe x2  
  93  6:25  Pylon  
  93  6:32  Assimilator x2  
  93  6:33  Probe  
  94  6:44  Observer (Chrono Boost), Stalker  
  94  6:45  Stalker x2  
  94  6:46  Resonating Glaives  
  101  6:49  Stalker  
  101  6:51  Adept  
  101  6:53  Probe  
  106  6:54  Protoss Ground Armor Level 1 (Chrono Boost)  
  106  6:57  Pylon  
  106  7:03  Pylon x2  
  106  7:07  Stalker x4  
  95  7:26  Stalker x4  
  98  7:30  Stalker  
  98  7:31  Stalker x3  
  98  7:34  Pylon  
  105  7:44  Observer (Chrono Boost)  
  105  7:50  Adept x4  
  112  7:55  Adept x4  
  116  8:13  Stalker x4  
  116  8:15  Adept x4  
  126  8:29  Immortal  
  126  8:30  Nexus  
  128  8:40  Sentry x3  
  128  8:41  Adept x5  
  143  8:45  Pylon  
  143  9:02  Adept x3  
  149  9:03  Adept x3  
  149  9:04  Adept  
  157  9:18  Observer  
  142  9:27  Adept x7  
  154  9:35  Stalker  
  160  9:47  Adept x3  
  160  9:48  Adept x3  
  138  10:08  Stalker x8  
Tags
 
Add a new tag
Caveats
  • Supply blocks, unpowered buildings, or Contaminate may cause inaccurate times.
  • Supply counts are checked every 10 seconds.